 Dungeon Crawl Stone Soup version 0.25.1-3-ge44b62a0b3 (webtiles) character file.

Game seed: 15479799213305129798

790 BledDest the Chucker (level 7, -8/56 HPs)
             Began as a Demonspawn Artificer on Nov 20, 2020.
             Was an Initiate of Ashenzari.
             Mangled by Prince Ribbit (17 damage)
             ... on level 5 of the Dungeon.
             The game lasted 00:11:34 (5238 turns).

BledDest the Chucker (Demonspawn Artificer)         Turns: 5238, Time: 00:11:35

Health: -8/56      AC: 10    Str: 14    XL:     7   Next: 57%
Magic:  9/9        EV: 12    Int: 12    God:    Ashenzari [......]
Gold:   191        SH:  0    Dex: 14    Spells: 6/6 levels left

rFire    + . .     SeeInvis .   v - +3 hand axe (pain)
rCold    . . .     Gourm    .   (no shield)
rNeg     . . .     Faith    .   u - +2 leather armour {rF+}
rPois    .         Spirit   .   (helmet restricted)
rElec    .         Reflect  .   a - +0 cloak
rCorr    .         Harm     .   o - +2 pair of gloves
MR       .....                  r - +0 pair of boots
Stlth    +.........             (no amulet)
HPRegen  0.18/turn              (no ring)
MPRegen  0.11/turn              (no ring)

@: about to teleport, hasted, very quick
A: claws 2, horns 1, demonic guardian 1, rot immunity
a: Curse Item, Renounce Religion


You were on level 5 of the Dungeon.
You worshipped Ashenzari.
Ashenzari was noncommittal.
You were not hungry.

You visited 1 branch of the dungeon, and saw 5 of its levels.
You also visited: Sewer.

You collected 191 gold pieces.

Inventory:

Hand Weapons
 s - a +2 dagger of protection
 v - a +3 hand axe of pain (weapon)
Missiles
 j - 5 silver javelins
 q - 6 javelins (quivered)
 D - 8 silver boomerangs
Armour
 a - a +0 cloak (worn)
 o - a +2 pair of gloves (worn)
 r - a +0 pair of boots (worn)
 u - a +2 leather armour of fire resistance (worn)
Wands
 c - a wand of flame (25)
 d - a wand of enslavement (15)
 e - a wand of random effects (15)
Scrolls
 b - a scroll of enchant armour {unknown}
 g - 3 scrolls of teleportation
 x - 2 scrolls of magic mapping
 y - a scroll of amnesia {unknown}
 z - a scroll of fear {unknown}
Potions
 h - 2 potions of stabbing
 i - a potion of cancellation {unknown}
 k - 3 potions of brilliance
 l - a potion of lignification {unknown}
 m - a potion of curing
 t - 2 potions of flight
 w - 4 potions of mutation {unknown}
 A - a potion of magic {unknown}
 B - a potion of haste
Comestibles
 f - 13 rations
 n - 2 chunks of flesh


   Skills:
 + Level 5.4 Fighting
 - Level 0.8 Short Blades
 * Level 5.7 Throwing
 - Level 1.7 Dodging
 - Level 0.8 Stealth
 - Level 3.0 Evocations


You had 6 spell levels left.
You didn't know any spells.
Your spell library was empty.

Dungeon Overview and Level Annotations

Branches:
Dungeon (5/15)              Sewer (visited)
 Temple: D:4-7

Altars:
Ashenzari
Gozag
Qazlal
Ru
Sif Muna
Trog
Uskayaw
Vehumet
Wu Jian
Xom

Annotations:
D:5 Prince Ribbit


Innate Abilities, Weirdness & Mutations

You have very sharp fingernails.
You have a pair of small horns on your head.
A weak demonic guardian rushes to your aid.
You are immune to rotting.


Message History

Prince Ribbit is heavily wounded.
Prince Ribbit hits you!
* * * LOW HITPOINT WARNING * * *
As you read the scroll labeled XYVOUR NEUH, it crumbles to dust.
You feel aware of your surroundings.
You sensed 3 shops/portals.
It was a scroll of magic mapping.
Prince Ribbit hits you.
* * * LOW HITPOINT WARNING * * *
Prince Ribbit completely misses you.
As you read the scroll labeled XUCKAN PUOD, it crumbles to dust.
You feel strangely unstable.
It was a scroll of teleportation.
Prince Ribbit barely misses you.
Okay, then.
It was a potion of curing.
You feel better. Prince Ribbit hits you!
* * * LOW HITPOINT WARNING * * *
The orc priest looks encouraged for a moment.
Prince Ribbit closely misses you.
It was a potion of haste.
You feel yourself speed up.
Prince Ribbit says, "You're just another fly to me."
Prince Ribbit hits you!
You die...

.#####o#,*****,,*******
.....<.#,,,,,,,,,,,,,,*
.###.######****,***,***
...†.oF.o.# *** *,*
#....####F# *,*
#.####**#.# *,*
..,,,,,,#.# *,*
#,,,***,#.#########.#
+,,,,,,,#.....oo@F..#
*,,,****#############***
,,,,,,,,,,,,,,,,,,,,,,,*
,,,,*****,,,,*********,*
,,,,* *,,,,* *,* ,,,,*
****** *,* ,**** *,* ,,*
*,*
**********************,*


You could see Prince Ribbit and 2 orc priests.

Vanquished Creatures
  3 big kobolds (Sewer)
  2 hounds (D:4)
  A bullfrog skeleton (D:4)
  An iguana (D:4)
  4 worker ants
  A hound skeleton (D:4)
  Robin (D:2)
  6 gnolls
  2 adders
  5 river rats
  5 oozes
  5 worms
  2 dart slugs
  3 leopard geckos
  8 orcs
  9 bats
  4 giant cockroaches
  15 goblins
  9 hobgoblins
  19 jackals
  3 quokkas (D:3)
  7 ball pythons
  6 frilled lizards
  14 kobolds
  18 rats
153 creatures vanquished.

Vanquished Creatures (collateral kills)
  A crimson imp (D:5)
  An orc wizard (D:4)
  A river rat (Sewer)
  An orc (D:4)
4 creatures vanquished.

Grand Total: 157 creatures vanquished

Notes
Turn   | Place    | Note
-------+----------+-------------------------------------------
     0 | D:1      | BledDest the Demonspawn Artificer began the quest for the
                  | Orb.
     0 | D:1      | Reached XP level 1. HP: 15/15 MP: 3/3
   173 | D:1      | Gained mutation: You have a pair of small horns on your
                  | head. [demonic ancestry]
   173 | D:1      | Reached XP level 2. HP: 22/22 MP: 4/4
   943 | D:2      | Reached XP level 3. HP: 29/29 MP: 5/5
   965 | D:2      | Found a shimmering altar of Xom.
  1089 | D:2      | Reached skill level 1 in Throwing
  1091 | D:2      | Noticed Robin
  1097 | D:2      | Killed Robin
  1097 | D:2      | Gained mutation: You have sharp fingernails. [demonic
                  | ancestry]
  1097 | D:2      | Reached XP level 4. HP: 21/35 MP: 6/6
  2010 | D:3      | Gained mutation: You are immune to rotting. [demonic
                  | ancestry]
  2010 | D:3      | Reached XP level 5. HP: 41/42 MP: 7/7
  2056 | D:3      | Found a glowing drain.
  2079 | Sewer    | Entered a sewer
  2499 | Sewer    | Gained mutation: A weak demonic guardian rushes to your
                  | aid. [demonic ancestry]
  2499 | Sewer    | Reached XP level 6. HP: 36/48 MP: 8/8
  3399 | D:3      | Found a shattered altar of Ashenzari.
  3405 | D:3      | Became a worshipper of Ashenzari the Shackled
  3470 | D:3      | Found an opulent altar of Gozag.
  3970 | D:3      | Found a sacrificial altar of Ru.
  4237 | D:4      | Gained mutation: You have very sharp fingernails. [demonic
                  | ancestry]
  4237 | D:4      | Reached XP level 7. HP: 55/55 MP: 9/9
  4267 | D:4      | Reached skill level 5 in Fighting
  4267 | D:4      | Reached skill level 5 in Throwing
  5153 | D:4      | Found a shimmering blue altar of Sif Muna.
  5153 | D:4      | Found a bloodstained altar of Trog.
  5166 | D:4      | Found an ornate altar of the Wu Jian Council.
  5167 | D:4      | Found a hide-covered altar of Uskayaw.
  5168 | D:4      | Found a radiant altar of Vehumet.
  5171 | D:4      | Found a stormy altar of Qazlal.
  5207 | D:5      | Entered Level 5 of the Dungeon
  5209 | D:5      | Noticed Prince Ribbit
  5238 | D:5      | Mangled by Prince Ribbit

Illustrated notes

Levels and vault maps discovered:
D:1:      lightli_arrival_statuegarden, layout_basic
D:2:      layout_basic, lemuel_round_altar, first_ration, serial_glass,
          glass_columns_a, glass_columns_b, guppyfry_early_lair_pool, uniq_robin
D:3:      layout_basic, grunt_gozag_breadcrumbs, nicolae_overflow_crystal_walls,
          lemuel_crystal_altar, portal_sewer_entry_b
D:4:      layout_rooms, minitemple
D:5:      layout_basic, serial_shops, kennysheep_mini_moat, shop, shop_statue,
          uniq_prince_ribbit1, uniq_sigmund

Skill      XL: |  1  2  3  4  5  6  7 |
---------------+----------------------+-----
Fighting       | 2 3 4 5 |  5.4
Throwing       | 1 2 3 4 5 |  5.7
Short Blades   | |  0.8
Dodging        | |  1.7
Stealth        | |  0.8
Evocations     | |  3.0

Action                   |  1- 3 |  4- 6 |  7- 9 || total
-------------------------+-------+-------+-------++-------
Melee: Short sword       |    75 |    25 |       ||   100
       Headbutt          |     9 |    56 |    11 ||    76
       Dagger            |       |   294 |       ||   294
       Hand axe          |       |    38 |    75 ||   113
Throw: Stone             |    16 |       |       ||    16
       Javelin           |     8 |    11 |     3 ||    22
  Use: Scroll            |       |     2 |     5 ||     7
       Potion            |       |       |     2 ||     2
 Stab: Sleeping          |       |     2 |     1 ||     3
  Eat: Chunk             |     1 |    11 |     3 ||    15
Armor: Leather armour    |    21 |   148 |    34 ||   203
Dodge: Dodged            |    67 |   229 |    59 ||   355
